Map: 16 бит РВ

Players

Murena

  • Race: Terran Terran
  • Spawn Location: 7:00

ИИ 1 (эксперт) - Winner!

  • Race: Zerg Zerg
  • Spawn Location: 1:00

VOD

Have the link to the VOD?

Description

Time

  • Played on: March 25, 2019, 5:43 a.m.
  • Length: 5:14
Show
View Real Time Build Order
Export as new Build Order

Murena Terran 

Build Orders:  

Get SALT Encoding   

  12  0:00  SCV  
  13  0:12  SCV  
  14  0:20  Supply Depot  
  14  0:25  SCV  
  15  0:30  Refinery  
  15  0:43  Barracks  
  15  0:46  SCV  
  16  0:58  SCV  
  17  1:05  Barracks  
  17  1:10  SCV  
  18  1:23  SCV  
  19  1:28  Supply Depot  
  19  1:30  Reaper  
  20  1:35  SCV  
  21  1:46  Barracks  
  21  1:47  SCV  
  21  1:53  Reaper  
  23  2:02  Reaper  
  23  2:06  Orbital Command  
  24  2:14  Refinery  
  24  2:25  Reaper  
  25  2:33  SCV  
  25  2:36  Reaper  
  27  2:37  Supply Depot  
  27  2:42  Barracks Reactor  
  27  2:46  SCV  
  28  2:58  Reaper  
  29  2:59  SCV  
  30  3:10  Reaper  
  30  3:12  SCV, Engineering Bay  
  32  3:13  Engineering Bay  
  32  3:18  Supply Depot  
  32  3:19  Marine x2  
  34  3:30  Barracks Reactor  
  34  3:32  SCV  
  35  3:38  Marine x2  
  37  3:43  Marine  
  37  3:46  SCV  
  39  3:56  Missile Turret  
  39  3:57  Marine  
  39  3:58  Marine, Bunker  
  39  4:02  Marine  
  42  4:06  Marine  
  42  4:07  Marine  
Show
View Real Time Build Order
Export as new Build Order

ИИ 1 (эксперт) Zerg - Winner!

Build Orders: Pool First 

Get SALT Encoding   

  12  0:00  Drone  
  13  0:12  Overlord  
  13  0:18  Drone  
  14  0:30  Drone x2  
  14  0:34  Drone  
  17  0:49  Spawning Pool  
  17  0:50  Drone  
  17  1:12  Hatchery  
  17  1:14  Drone  
  17  1:18  Extractor  
  16  1:19  Extractor  
  16  1:21  Drone  
  16  1:25  Drone  
  17  1:29  Drone  
  18  1:38  Drone  
  19  1:49  Overlord  
  19  1:56  Queen  
  21  2:01  Zergling x2  
  22  2:10  Drone  
  23  2:23  Queen  
  23  2:26  Drone  
  26  2:33  Drone  
  27  2:38  Drone  
  27  2:43  Drone  
  29  2:57  Roach Warren  
  28  2:58  Drone  
  28  3:03  Drone  
  28  3:05  Zergling x2  
  31  3:09  Zergling x2  
  32  3:15  Overlord  
  32  3:19  Drone  
  33  3:21  Drone  
  34  3:37  Roach x2  
  34  3:38  Roach  
  34  3:40  Roach  
  42  3:46  Lair  
  42  3:51  Overlord  
  42  3:56  Overlord  
  42  3:59  Zergling x2  
  42  4:01  Zergling x2  
  44  4:09  Zergling x2, Drone x2  
  47  4:11  Drone  
  47  4:13  Drone  
  47  4:16  Drone  
  50  4:21  Overlord  
  50  4:26  Roach  
  50  4:29  Roach  
  54  4:32  Roach  
  54  4:35  Roach  
  58  4:39  Overlord  
  58  4:45  Hydralisk Den, Drone  
  58  4:48  Drone  
  58  4:50  Drone  
  60  4:53  Roach  
Tags
 
Matchup
ЗvТ
Opening
Pool First
Spawn Locations
Cross Positions
Add a new tag
Caveats
  • Supply blocks, unpowered buildings, or Contaminate may cause inaccurate times.
  • Supply counts are checked every 10 seconds.